 Dungeon Crawl Stone Soup version 0.24-a0-434-gd57e52fea8 (webtiles) character file.

Game seed: 3098114841699945461

19 Holzbalken the Grasshopper (level 2, 0/24 HPs)
             Began as a Draconian Warper on June 15, 2019.
             Slain by an adder (2 damage)
             ... on level 2 of the Dungeon.
             The game lasted 00:06:56 (1636 turns).

Holzbalken the Grasshopper (Draconian Warper)       Turns: 1636, Time: 00:06:57

Health: 0/24       AC:  5    Str: 13    XL:     2   Next: 55%
Magic:  5/5        EV: 12    Int: 13    God:
Gold:   92         SH:  0    Dex: 10    Spells: 2/6 levels left

rFire    . . .     SeeInvis .   a - +0 spear
rCold    . . .     Gourm    .   (no shield)
rNeg     . . .     Faith    .   (armour unavailable)
rPois    .         Spirit   .   (helmet restricted)
rElec    .         Reflect  .   (no cloak)
rCorr    .         Harm     .   (no gloves)
MR       .....                  l - +0 pair of boots
Stlth    +.........             (no amulet)
HPRegen  0.08/turn              (no ring)
MPRegen  0.09/turn              (no ring)

@: lethally poisoned (0 -> -12), starving
A: unfitting armour, cold-blooded, AC +4
a: no special abilities


You were on level 2 of the Dungeon.
You were starving.

You visited 1 branch of the dungeon, and saw 2 of its levels.

You collected 92 gold pieces.

Inventory:

Hand Weapons
 a - a +0 spear (weapon)
Missiles
 d - 5 boomerangs of dispersal (quivered)
Armour
 l - a +0 pair of boots (worn)
Jewellery
 e - a +2 ring of evasion {unknown}
Wands
 k - a wand of paralysis (6)
Scrolls
 c - a scroll of blinking
 g - a scroll of noise {unknown}
 i - 3 scrolls of identify {unknown}
Potions
 b - a potion of might {unknown}
 h - 2 potions of degeneration {unknown}
 j - a potion of brilliance {unknown}
Comestibles
 f - 4 rations


   Skills:
 - Level 2.1 Fighting
 + Level 2.6 Polearms
 - Level 0.8 Throwing
 - Level 2.1 Dodging
 + Level 2.5 Spellcasting
 - Level 3.0 Translocations


You had 2 spell levels left.
You knew the following spells:

 Your Spells              Type           Power        Failure   Level  Hunger
a - Blink                 Tloc           N/A          11%         2    ###....
b - Shroud of Golubria    Chrm/Tloc      #.....       21%         2    ###....

Your spell library contained the following spells:

 Spells                   Type           Power        Failure   Level  Hunger
 Gell's Gravitas          Tloc           #.........   22%         3    ###....
 Lesser Beckoning         Tloc           #.........   22%         3    ###....
 Teleport Other           Tloc           #.......     22%         3    ###....
 Passage of Golubria      Tloc           N/A          56%         4    #####..


Dungeon Overview and Level Annotations

Branches:
Dungeon (2/15)

Altars:


Innate Abilities, Weirdness & Mutations

Your plain brown scales are hard. (AC +4)
You cannot fit into any form of body armour.
You are cold-blooded and may be slowed by cold attacks.


Message History

Aim: an adder (moderately wounded)
You miss the adder.
The adder is moderately wounded.
* * * LOW HITPOINT WARNING * * *
You feel sick. The adder closely misses you.
Attack whom?
Press: ? - help, Dir - move target cursor, f/p - adder
Aim: an adder (moderately wounded)
You hit the adder but do no damage.
The adder is moderately wounded.
* * * LOW HITPOINT WARNING * * *
You feel sick. The adder bites you but does no damage.
Attack whom?
Press: ? - help, Dir - move target cursor, f/p - adder
Aim: an adder (moderately wounded)
You closely miss the adder.
The adder is moderately wounded.
* * * LOW HITPOINT WARNING * * *
You feel sick. The adder bites you.
You die...

....## #....# ######.
##...##....... #.....$.
##....#.#....### #......#.
##...#........#####.......#
#...#.##........ .........
#...#......#.. .........
####'##.......######l.....#
#...............@Sl#......##
#..............###..........
#..............# ###########
#..<...........#
#..............#
##)...........##
##..........## ############


You could see an adder and a frilled lizard.

Vanquished Creatures
  A leopard gecko (D:1)
  4 bats
  3 goblins
  3 hobgoblins (D:1)
  A frilled lizard (D:1)
  3 kobolds
  2 rats (D:1)
17 creatures vanquished.

Notes
Turn   | Place    | Note
-------+----------+-------------------------------------------
     0 | D:1      | Holzbalken the Draconian Warper began the quest for the
                  | Orb.
     0 | D:1      | Reached XP level 1. HP: 17/17 MP: 3/3
    10 | D:1      | Noticed an ogre
   334 | D:1      | Reached XP level 2. HP: 10/24 MP: 5/5
   845 | D:1      | Learned a level 2 spell: Blink
   848 | D:1      | Learned a level 2 spell: Shroud of Golubria
  1636 | D:2      | Slain by an adder

Levels and vault maps discovered:
D:1:      evilmike_arrival_come_back, layout_basic, lemuel_another_geyser
D:2:      layout_rooms, chequers_temple_overflow_minitemple,
          lightli_corner_chamber, uniq_natasha, uniq_crazy_yiuf_cottage

Action                   || total
-------------------------++-------
Melee: Spear             ||   108
       Tailslap          ||     5
 Cast: Blink             ||    15
 Stab: Sleeping          ||     2
  Eat: Chunk             ||     1
Armor: Skin              ||    24
Dodge: Dodged            ||    52

Table legend:
 A = Non-vault XP
 B = Vault XP
 C = Vault XP percentage of total XP
 D = Non-vault monster count
 E = Vault monster count
 F = Vault count percentage of total count
                 A         B        C        D         E       F
            +---------+---------+-------+---------+---------+-------
      Total |      28 |       0 |   0.0 |      17 |       0 |   0.0
            +---------+---------+-------+---------+---------+-------
        D:1 |      23 |       0 |   0.0 |      14 |       0 |   0.0
        D:2 |       5 |       0 |   0.0 |       3 |       0 |   0.0
            +---------+---------+-------+---------+---------+-------
